 Dungeon Crawl Stone Soup version 0.18-b1-2-gd0c887e (webtiles) character file.

477 Patate the Skirmisher (level 6, -4/90 HPs)
             Began as a Minotaur Berserker on Apr 27, 2016.
             Was a Priest of Trog.
             Slain by pacci's ghost (11 damage)
             ... on level 5 of the Dungeon on Apr 28, 2016.
             The game lasted 00:09:42 (2868 turns).

Patate the Skirmisher (Minotaur Berserker)          Turns: 2868, Time: 00:09:43

Health: -4/90      AC: 12    Str: 28    XL:     6   Next: 85%
Magic:  5/5        EV:  9    Int:  4    God:    Trog [***...]
Gold:   329        SH:  0    Dex: 10    Spells: 0 memorised, 5 levels left

rFire  . . .     SeeInvis .     q - +0 war axe
rCold  . . .     Gourm    .     d - +0 chain mail
rNeg   . . .     Faith    .     (no shield)
rPois  .         Spirit   .     (helmet restricted)
rElec  .         Dismiss  .     (no cloak)
rCorr  .         Reflect  .     f - +2 pair of gloves
SustAt .         Harm     .     (no boots)
MR     .....                    (no amulet)
Stlth  ..........               (no ring)
                                (no ring)

@: berserking, very quick, not resistant to hostile enchantments, extremely
unstealthy
A: retaliatory headbutt, horns 2
a: Berserk, Trog's Hand, Burn Spellbooks, Renounce Religion


You were on level 5 of the Dungeon.
You worshipped Trog.
Trog was most pleased with you.
You were hungry.

You visited 1 branch of the dungeon, and saw 5 of its levels.

You collected 329 gold pieces.

Inventory:

Hand Weapons
 q - a +0 war axe (weapon)
Armour
 d - a +0 chain mail (worn)
 f - a +2 pair of gloves (worn)
Scrolls
 i - a scroll of enchant weapon {unknown}
 j - 2 scrolls of identify
 m - 2 scrolls of fear
 s - 4 scrolls of recharging
 v - 3 scrolls of magic mapping {unknown}
 x - a scroll of teleportation {unknown}
 y - a scroll of immolation {unknown}
Potions
 e - 2 potions of agility {unknown}
Comestibles
 b - 2 beef jerkies
 c - 3 bread rations
 h - 2 meat rations
 l - a slice of pizza


   Skills:
 * Level 7.2 Fighting
 + Level 5.7 Axes
 + Level 4.6 Armour
 - Level 2.1 Dodging


You had 5 spell levels left.
You didn't know any spells.

Dungeon Overview and Level Annotations

Branches:
Dungeon (5/15)
 Temple: D:4-7

Altars:
Elyvilon
Kikubaaqudgha
Nemelex Xobeh
Okawaru
Sif Muna
The Shining One

Shops:
D:5 ?

Annotations:
D:5 pacci's ghost, novice NaBe


Innate Abilities, Weirdness & Mutations

You reflexively headbutt those who attack you in melee.
You have a pair of horns on your head.


Message History

You headbutt pacci's ghost, but do no damage.
Pacci's ghost is lightly damaged.
Pacci's ghost hits you!!
Pacci's ghost hits you but does no damage.
A red film seems to cover your vision as you go berserk!
You feel yourself moving faster!
You feel mighty!
You are feeling hungry.
Pacci's ghost hits you!
* * * LOW HITPOINT WARNING * * *
A quokka comes into view.
You slash pacci's ghost! You headbutt pacci's ghost!
Pacci's ghost is moderately damaged.
You slash pacci's ghost!
Pacci's ghost is heavily damaged.
Pacci's ghost hits you!
* * * LOW HITPOINT WARNING * * *
You hit pacci's ghost but do no damage.
Pacci's ghost is heavily damaged.
Pacci's ghost hits you!
You die...

##..(........#### #
######..#.#.......>... #.
.................##### #.<
###....###.####...###
...###.#.## #.# ###....
#...(.#.# #.# ##....
##.#..####.# ##..###
#rW.###...# #..## #
###@###.### ##.## ## .
#..##.#####..# ##. #.
###..##.##....## #..
#.#####.......##.#######.#
#...#.....................
#............######....#.
#.............##.........
#....................)...
#.............)...#######


You could see pacci's ghost and a quokka.

Vanquished Creatures
  A giant frog (D:5)
  A scorpion (D:4)
  A centaur zombie (D:4)
  A hound (D:5)
  2 orc wizards (D:4)
  3 worker ants
  A hound zombie (D:3)
  7 adders
  An ooze (D:4)
  5 worms
  3 dart slugs
  3 giant geckos
  9 orcs
  2 ball pythons
  5 giant cockroaches
  5 hobgoblins
  6 jackals
  2 quokkas
  6 bats
  8 giant newts
  5 goblins
  A kobold (D:1)
  A quokka zombie (D:5)
  6 rats
85 creatures vanquished.

Notes
Turn   | Place    | Note
--------------------------------------------------------------
     0 | D:1      | Patate the Minotaur Berserker began the quest for the Orb.
     0 | D:1      | Reached XP level 1. HP: 19/19 MP: 0/0
   446 | D:1      | Reached skill level 4 in Fighting
   463 | D:1      | Reached XP level 2. HP: 22/27 MP: 1/1
   760 | D:2      | Reached ** piety under Trog
   760 | D:2      | Reached XP level 3. HP: 34/34 MP: 2/2
   839 | D:2      | Found a white marble altar of Elyvilon.
   864 | D:2      | Reached skill level 5 in Fighting
   870 | D:2      | Reached XP level 4. HP: 35/42 MP: 3/3
   960 | D:2      | Found a deep blue altar of Sif Muna.
  1586 | D:3      | Reached XP level 5. HP: 47/50 MP: 4/4
  1763 | D:4      | Reached skill level 6 in Fighting
  1858 | D:4      | Reached skill level 5 in Axes
  1863 | D:4      | Got a fine leather armour
  1874 | D:4      | Identified the cursed +0 leather armour of Yresuxum {rElec rN+ Dex+5} (You found it on level 4 of the Dungeon)
  1989 | D:4      | Reached *** piety under Trog
  2037 | D:4      | Reached XP level 6. HP: 23/58 MP: 5/5
  2239 | D:4      | Gained mutation: Your magical capacity is low (-10% MP). [potion of mutation]
  2239 | D:4      | Gained mutation: Your body sometimes deteriorates upon taking damage. [potion of mutation]
  2239 | D:4      | Gained mutation: You occasionally shout uncontrollably at your foes. [potion of mutation]
  2241 | D:4      | Lost mutation: Your magical capacity is low (-10% MP). [potion of cure mutation]
  2241 | D:4      | Lost mutation: You occasionally shout uncontrollably at your foes. [potion of cure mutation]
  2241 | D:4      | Lost mutation: Your body sometimes deteriorates upon taking damage. [potion of cure mutation]
  2312 | D:4      | Found an ancient bone altar of Kikubaaqudgha.
  2312 | D:4      | Found a sparkling altar of Nemelex Xobeh.
  2497 | D:4      | Found a glowing golden altar of the Shining One.
  2564 | D:5      | Entered Level 5 of the Dungeon
  2621 | D:5      | Found Gumeomod's Magic Scroll Shoppe.
  2721 | D:5      | Found an iron altar of Okawaru.
  2755 | D:5      | Reached skill level 7 in Fighting
  2860 | D:5      | Noticed pacci's ghost (novice NaBe)
  2868 | D:5      | Slain by pacci's ghost

Skill      XL: |  1  2  3  4  5  6 |
---------------+-------------------+-----
Fighting       | 4 5 6 7 |  7.2
Axes           | 4 5 |  5.7
Armour         | 3 4 |  4.6
Dodging        | |  2.1

Action                   |  1- 3 |  4- 6 || total
-------------------------+-------+-------++-------
Melee: Hand axe          |    63 |    29 ||    92
       Headbutt          |    10 |    29 ||    39
       War axe           |       |   106 ||   106
Invok: Burn Spellbooks   |       |     1 ||     1
       Berserk           |       |     1 ||     1
  Use: Potion            |       |     6 ||     6
       Scroll            |       |     4 ||     4
  Eat: Chunk             |       |     6 ||     6
Armor: Ring mail         |    20 |    25 ||    45
       Animal skin       |     1 |       ||     1
       Leather armour    |       |     4 ||     4
       Chain mail        |       |    17 ||    17
Dodge: Dodged            |    38 |    74 ||   112
